Cogmind - Beta 11 --- EXPLORER MODE // 2022.04.06 @ 16:30:16 Player: PyroDawn Result: Destroyed by D-53 Grenadier with Mini Grenade Launcher Performance ------------- Evolutions (0) 0 Regions Visited (2) 400 Robots Destroyed (15) 75 Value Destroyed (267) 267 Prototype IDs (6) 120 Alien Tech Used (0) 0 Bonus (0) 0 TOTAL SCORE: 862 Bonus ------- None Cogmind --------- Core Integrity 0/250 Matter 293/300 Energy 100/100 System Corruption 1% Temperature Cool (0) Movement Core (300) Ox5 Location -10/Mines Parts ------- > --- POWER (1) -------- (None) > --- PROPULSION (2) --- (None) > --- UTILITY (3) ------ Medium Storage Unit Structural Scanner > --- WEAPON (2) ------- Mace Maul > --- INVENTORY (10) --- Light Ion Engine Flight Unit Flight Unit Huge Storage Unit Light Armor Plating Authchip [Propulsion] Authchip [Propulsion] Authchip [Storage] Mace Maul Peak State ------------ > --- POWER ------------ Light Ion Engine > --- PROPULSION ------- Aluminum Leg Aluminum Leg > --- UTILITY ---------- Medium Storage Unit Structural Scanner Sensor Array > --- WEAPON ----------- Mace Maul > --- INVENTORY -------- Light Ion Engine Flight Unit Flight Unit Flight Unit Huge Storage Unit Light Armor Plating Authchip [Propulsion] Authchip [Propulsion] Authchip [Storage] Mace [Rating: 12] Favorites ----------- Power Light Ion Engine Engine Light Ion Engine Propulsion Aluminum Leg Treads Light Treads Leg Aluminum Leg Utility Medium Storage Unit Device Structural Scanner Storage Medium Storage Unit Processor Targeting Computer Weapon Small Laser Energy Gun Small Laser Impact Weapon Maul Slashing Weapon Mining Claw Build | -11 -10 -10 ------- Run | Scr Mat Min Slots Evolved 1 | . 1 . Power . | . . . Propulsion . | . . . Utility 1 | . 1 . Weapon . | . . . Parts Attached 26 | 9 17 . Power 3 | 1 2 . Engine 3 | 1 2 . Core . | . . . Reactor . | . . . Propulsion 6 | 3 3 . Treads 1 | 1 . . Leg 5 | 2 3 . Wheel . | . . . Hover . | . . . Flight . | . . . Utility 9 | 2 7 . Device 5 | 1 4 . Storage 3 | 1 2 . Processor 1 | . 1 . Hackware . | . . . Protection . | . . . Artifact . | . . . Weapon 8 | 3 5 . Energy Gun 4 | 3 1 . Energy Cannon . | . . . Ballistic Gun . | . . . Ballistic Cannon . | . . . Launcher . | . . . Special Weapon . | . . . Impact Weapon 2 | . 2 . Slashing Weapon 2 | . 2 . Piercing Weapon . | . . . Special Melee Weapon . | . . . Unidentified Prototypes . | . . . Parts Lost 4 | . . 4 Power 1 | . . 1 Propulsion 2 | . . 2 Utility 1 | . . 1 Weapon . | . . . Highest Loss Streak 4 | . . 4 To Critical Strikes . | . . . Average Slot Usage (%) 99 | . 99 97 Engine 11 | . 11 11 Leg 24 | . 25 23 Device 18 | . 17 24 Storage 12 | . 12 12 Processor 5 | . 6 . Energy Gun 10 | . 12 . Impact Weapon 4 | . 1 25 Slashing Weapon 9 | . 10 . Naked Turns . | . . . Heaviest Build 20 | 16 20 20 Greatest Support 20 | 20 20 20 Greatest Overweight (x) 5 | 4 . 5 Average Overweight (x) . | . . . Largest Inventory Capacity 25 | 10 25 10 Average Capacity 10 | 9 10 10 Most Carried 10 | 10 10 10 Average Carried 9 | 6 9 10 Final Capacity 10 | 10 10 10 Final Carried 10 | 10 10 10 Class Distribution -------------------- 100% | Hacker-Mutant Dominant Class ---------------- Hacker-Mutant | -10/Materials Hacker-Mutant | -10/Mines Resources | -11 -10 -10 ----------- Run | Scr Mat Min Matter Collected 455 | 275 170 10 Remotely . | . . . Salvage Created 409 | 114 295 . Parts 32 | 10 22 . Haulers Intercepted 1 | . 1 . Recyclers Shooed 2 | 1 1 . Parts Field Recycled . | . . . Retrieved Matter . | . . . Parts Self-Destructed . | . . . Prevented . | . . . Kills | -11 -10 -10 ------- Run | Scr Mat Min Combat Hostiles Destroyed 8 | . 7 1 Melee 4 | . 4 . Guns 3 | . 3 . Classes Destroyed 8 | 2 5 1 Builder 1 | . 1 . Tunneler 2 | 2 . . Hauler 1 | . 1 . Recycler 1 | 1 . . Watcher 2 | . 2 . Swarmer 4 | . 4 . Grunt 3 | . 3 . Demolisher 1 | . . 1 Best Kill Streak 2 | 2 2 1 Combat Bots Only 2 | . 2 1 Max Kills in Single Turn 1 | 1 1 1 Gunslinging . | . . . Exploded . | . . . Melee 1 | . 1 . Uniques/NPCs Destroyed . | . . . Combat | -11 -10 -10 -------- Run | Scr Mat Min Damage Taken 732 | . 152 580 Core 260 | . 38 222 Absorbed by Shields . | . . . Regen/Repaired (Parts) 29 | . 29 . Core Remaining (%) 100 | 100 . . Volleys Fired 12 | 4 8 . Largest 2 | 2 2 . Hottest 80 | 80 80 . Shots Fired 24 | 8 16 . Gun 24 | 8 16 . Cannon . | . . . Launcher . | . . . Special . | . . . Kinetic . | . . . Thermal 24 | 8 16 . Explosive . | . . . Electromagnetic . | . . . Robot Hit Streak 11 | 5 11 . Robot Miss Streak 1 | . 1 . Penetration Max . | . . . Secondary Targets . | . . . Shots Hit Robots 42 | 5 36 1 Core Hits 17 | 4 13 . Critical Kills . | . . . Critical Parts Destroyed 1 | . . 1 Critical Strikes 1 | . . 1 Smash 1 | . . 1 Melee Attacks 28 | . 26 2 Impact 3 | . 1 2 Slashing 25 | . 25 . Piercing . | . . . Sneak Attacks 1 | . 1 . Combat Hostiles . | . . . Follow-up Attacks 2 | . 2 . Damage Inflicted 798 | 55 706 37 Guns 189 | 55 134 . Cannons . | . . . Explosions . | . . . Melee 609 | . 572 37 Ramming . | . . . Kinetic . | . . . Thermal 189 | 55 134 . Explosive . | . . . Electromagnetic . | . . . Impact 37 | . . 37 Slashing 572 | . 572 . Piercing . | . . . Highest Corruption 1 | . 1 1 Average Corruption 1 | . 1 1 Corruption Purged . | . . . Corruption Blocked . | . . . Effects 7 | . 6 1 Message Errors 2 | . 2 . Matter Fused 3 | . 2 1 Energy Discharges 1 | . 1 . Misfires 1 | . 1 . Overload Shots . | . . . Overflow Damage 44 | . 7 37 Projectiles . | . . . Explosions . | . . . Melee 44 | . 7 37 Knockbacks 1 | . . 1 Impact 1 | . . 1 Kinetic . | . . . Secondary . | . . . Self-Inflicted Damage . | . . . Shots . | . . . Rammed . | . . . Targets Rammed . | . . . Kicked . | . . . Crushed . | . . . Highest Temperature 54 | 36 54 . Average Temperature 19 | 16 20 . Received Heat Transfer 126 | . 126 . Siege Activations . | . . . Robots Corrupted . | . . . Combat Hostiles . | . . . Parts Fried . | . . . Impact Corruptions 1 | . . 1 Robots Melted . | . . . Combat Hostiles . | . . . Parts Melted . | . . . Heat Transferred 425 | 125 300 . Parts Sabotaged . | . . . Parts Stolen . | . . . Parts Stripped . | . . . Power Chain Reactions . | . . . Missiles Intercepted . | . . . Alert | -11 -10 -10 ------- Run | Scr Mat Min Peak Influence 103 | 15 103 30 Initial 23 | . 7 23 Average 36 | 4 42 17 Maximum Alert Level . | . . . Low Security (%) 100 | 100 100 100 Level 1 . | . . . Level 2 . | . . . Level 3 . | . . . Level 4 . | . . . Level 5 . | . . . High Security . | . . . Max Security . | . . . Squads Dispatched . | . . . Investigation . | . . . Extermination . | . . . Reinforcement . | . . . Assault . | . . . Garrison . | . . . Intercept . | . . . Searches Triggered . | . . . Construction Impeded . | . . . Haulers Reinforced . | . . . Active Scanning Responses . | . . . Cargo Convoy Interrupts . | . . . Stealth | -11 -10 -10 --------- Run | Scr Mat Min Distress Signals 3 | . 3 . Communications Jammed . | . . . Distress Signals . | . . . Times Spotted 25 | . 18 7 Peak Tracking Total 4 | . 4 4 Tactical Retreats 3 | . 3 . Traps | -11 -10 -10 ------- Run | Scr Mat Min Traps Triggered 2 | . 2 . Indirectly . | . . . Trap Hack Attempts . | . . . Triggered . | . . . Disarmed 7 | . 7 . Reprogrammed . | . . . Reused . | . . . Traps Extracted . | . . . Installed . | . . . Triggered . | . . . Machines | -11 -10 -10 ---------- Run | Scr Mat Min Machines Disabled . | . . . Max in Single Turn . | . . . Machines Sabotaged . | . . . Garrisons Compromised . | . . . Overloaded Fab Kills . | . . . Hacking | -11 -10 -10 --------- Run | Scr Mat Min Machines Accessed 10 | . 10 . Terminals 8 | . 8 . Fabricators . | . . . Repair Stations 1 | . 1 . Recycling Units 1 | . 1 . Scanalyzers . | . . . Garrison Access . | . . . Total Hacks 52 | . 52 . Successful 44 | . 44 . Failed 8 | . 8 . Catastrophic 1 | . 1 . Database Lockouts . | . . . Manual 38 | . 38 . Terminals 45 | . 45 . Fabricators . | . . . Repair Stations 3 | . 3 . Recycling Units 4 | . 4 . Scanalyzers . | . . . Garrison Access . | . . . Terminal Hacks 19 | . 19 . Prototype ID Bank 5 | . 5 . Level Access Points 1 | . 1 . Branch Access Points 1 | . 1 . Terminal Index 1 | . 1 . Alert Level 2 | . 2 . Unreport Threat 3 | . 3 . Locate Traps 1 | . 1 . Disarm Traps 2 | . 2 . Hauler Manifests 2 | . 2 . Registered Components 1 | . 1 . Fabricator Hacks . | . . . Repair Station Hacks 2 | . 2 . Scan Component 1 | . 1 . Repair 1 | . 1 . Recycling Unit Hacks 1 | . 1 . Report Inventory 1 | . 1 . Scanalyzer . | . . . Garrison Access Hacks . | . . . Unauthorized Hacks 22 | . 22 . Terminals 18 | . 18 . Track 8 | . 8 . Botnet 8 | . 8 . Disrupt 1 | . 1 . Operators 1 | . 1 . Fabricators . | . . . Repair Stations 1 | . 1 . Mechanics 1 | . 1 . Recycling Units 3 | . 3 . Monitor 1 | . 1 . Reject 1 | . 1 . Recyclers 1 | . 1 . Scanalyzers . | . . . Garrison Access . | . . . Data Cores Recovered . | . . . Used . | . . . Hacking Detections 10 | . 10 . Full Trace Events . | . . . Feedback Events . | . . . Feedback Blocked . | . . . Robot Schematics Acquired . | . . . Robots Built . | . . . Authchips . | . . . Time . | . . . Total Robot Build Rating . | . . . Part Schematics Acquired . | . . . Parts Built . | . . . Authchips . | . . . Time . | . . . Total Part Build Rating . | . . . Parts Repaired 1 | . 1 . Time 26 | . 26 . Parts Recycled . | . . . Recycled Matter . | . . . Retrieved Matter . | . . . Retrieved Components . | . . . Parts Scanalyzed . | . . . Part Schematics Acquired . | . . . Parts Damaged . | . . . Bothacking | -11 -10 -10 ------------ Run | Scr Mat Min Used RIF Installer . | . . . Robots Hacked . | . . . Non-combat . | . . . Combat . | . . . Robot Hacks Applied . | . . . Relay Couplers Released . | . . . Fabnet Peak Effective % . | . . . Robots Rewired . | . . . Allies Hacked . | . . . Hacks Repelled . | . . . Allies | -11 -10 -10 -------- Run | Scr Mat Min Total Allies 3 | . . 3 Largest Group 3 | . . 3 Highest-Rated Group 40 | . . 40 Highest-Rated Ally 16 | . . 16 Total Orders . | . . . Ally Attacks 6 | . . 6 Total Damage 28 | . . 28 Kills . | . . . Allies Corrupted . | . . . Allies Melted . | . . . Intel | -11 -10 -10 ------- Run | Scr Mat Min Robot Analysis Total . | . . . Derelict Logs Recovered . | . . . Drone Launches . | . . . Drone Recoveries . | . . . Exploration | -11 -10 -10 ------------- Run | Scr Mat Min Turns Passed 1408 | 115 1112 181 Spaces Moved 917 | 51 723 143 Core 12 | 10 . 2 Treads 8 | 8 . . Legs 897 | 33 723 141 Wheels . | . . . Hover . | . . . Flight . | . . . Fastest Speed 50 | 50 120 120 Average Speed 121 | 130 120 123 Slowest Speed 300 | 250 120 300 Overloaded Moves . | . . . Propulsion Burnouts . | . . . Robots Hopped . | . . . Cave-ins Triggered . | . . . Exploration Rate (%) 46 | 5 89 46 Regions Visited 2 Branch Regions 1 Pre-discovered Areas . | . . . Known Exits Taken 2 | 1 1 . Unknown Exits Taken . | . . . Scrap Searched . | . . . Spaces Dug . | . . . Terrain Destroyed . | . . . Melee . | . . . Projectile . | . . . AOE . | . . . Terrain Rammed . | . . . Walls Destroyed . | . . . Machines Disabled . | . . . Actions | -11 -10 -10 --------- Run | Scr Mat Min Total 1148 | 90 913 145 Wait 115 | 15 100 . Move 915 | 50 722 143 Hop . | . . . Pick Up 26 | 10 16 . Fast Attach 15 | 7 8 . Attach 3 | 1 2 . Detach 1 | 1 . . Swap 8 | 1 7 . Drop 27 | 1 26 . Fire 12 | 4 8 . Melee 26 | . 24 2 Ram . | . . . Kick . | . . . Crush . | . . . Escape Stasis . | . . . Rewire . | . . . Trap . | . . . Miscellaneous . | . . . Route ------- -11/Scrapyard -10/Materials (discovered 5 exits: *Mat x3 / *Min x2) -10/Mines History --------- Turn | Location | Event 6 | -11/Scrapyard | Identified exit to Materials 6 | -11/Scrapyard | Discovered exit to Materials (range 16) 116 | -11/Scrapyard | Entered Materials 116 | -10/Materials | Evolved 1 slot: Utility x1 302 | -10/Materials | Identified exit to Mines 302 | -10/Materials | Identified exit to Materials 315 | -10/Materials | Build established: Hacker-Mutant 1216 | -10/Materials | Repaired Lgt. Ion Engine 1228 | -10/Materials | Entered Mines 1234 | -10/Mines | Assisted by bots powering up and referring to "LRC-V3" 1311 | -10/Mines | Assembled infested the area 1395 | -10/Mines | Core integrity fell below 50% 1403 | -10/Mines | Core integrity fell below 20% 1409 | -10/Mines | Destroyed by D-53 Grenadier with Mini Grenade Launcher Last Messages --------------- 01390_ The unstable cave ceiling collapses. 01393_ Sensor Array destroyed. 01395_ Lgt. Ion Engine destroyed. 01395_ as-74898 destroyed. 01396_ Aluminum Leg destroyed. 01397_ The unstable cave ceiling collapses. 01397_ Aluminum Leg destroyed. 01399_ as-20491 destroyed. 01401_ The unstable cave ceiling collapses. 01402_ as-19918 destroyed. 01404_ The unstable cave ceiling collapses. 01404_ D-53 Grenadier suffers critical hit (Smash). 01404_ Destroyed Launcher Guidance Computer. 01404_ D-53 Grenadier system corrupted by crushing effect. 01404_ D-53 Grenadier knocked back. 01405_ D-53 Grenadier system terminally corrupted. 01405_ The unstable cave ceiling collapses. Map ----- +----------------------------------------------------+ | ????????????????????????????????????????? | | ????????????????????????????????????????? | | ????????????????????????????????????????? | | ????????????????????????????????????????? | | ????????????????????????????????????????? | | ????????????????????????????????????????? | | ????????????????????????????????????????? | | ????????????????????????????????? ?????? | | ??????????????????????? ##??????? ?????? | | ??????????????????????? ##???????? ###??? | | ?????????????????????? ##???????? ###??? | | ???????????????????? ?????????? ##??? | | ???????????????????? ??????????## ##??? | | ???????????????????? #??????????## ##??# | | ???###????????????? ####????????## ###?# | | ??### ????????##### ####???????### ##### | | ?#### ???? ####### ???????### ### | | ?### ######## ## ##?????????## ## | | ?## #### ##??????##### * | | ?## ##????####### | | ?## ? " ###????#### | | ??????????## ### ??## ## | | ??????????## ### ?### ## | | ??????????## ### #### =[% ### | | ???######### # ### ### % ##? | | ??########## @ ### ###? | | ??### d ######## ###?? | | ??## # ##### ####? | | ??## # ##### #### | | ??## ### ### | | ??### # ### ## | | ??#### ## # | | ???### # #### | | ????### # # ### | | ????### # # # #### # | | ?????## # ## ##### # | | ?????## ## ## ## | | ?????### ##### # ### ##### | | ?????############ ### # ############## | | ??????######??####### # ########??? | | ???????????????#####% ???????????? | | ???????????????????? ???????????? | | ???????????????????? ##????????? | | ????????????????? ###????????? | | ????????????????? ### ####????????? | | ????????????????? ### ###?????????? | | ???????????????????## ###??????????? | | ??????????????????? ## ###??????????? | | ??????????????????? ## ###???????????? | | ???????????????????? #######???????????? | +----------------------------------------------------+ Best States ------------- Heat Dissipation 25 Energy Generation 10 Energy Capacity 125 Matter Stores 300 Matter Capacity 300 Sight Range 16 Robot Scan Range 14 Terrain Scan Range 16 Terrain Scan Density 10 Resistance: KI 35 Resistance: TH 35 Resistance: EX 35 Resistance: EM 35 Resistance: I 35 Resistance: S 35 Resistance: P 35 Evasion (%) 55 Targeting Accuracy 5 Offensive Hacking 20 Authchip Count 3 Item Schematics ----------------- None Robot Schematics ------------------ None Fabricated ------------ Nothing Alien Tech Used ----------------- None Achievements -------------- None Challenges ------------ None Game ------ Seed SiegeThrusterExoskeleton Manual? 0 Play Time 00:28:19 Cumulative 504.1 hours Start 2022.04.06 @ 16:01:57 End 2022.04.06 @ 16:30:16 Sessions 1 Manual Loads 0 Difficulty Explorer Special Mode None Game No. 153 Rogue 151 Adventurer 0 Explorer 2 Win Type - Total 2 Types 1/0/1/0/0/0/0/0/0 Lore% 65 Gallery% 72 Achievement% 58 Wizard Run 0 Options --------- ASCII 0 Keyboard 0 Movement Arrows Keybinds 0 Fullscreen 1 Font 16/SmallcapsGlow Map View 50x54 Tactical HUD 1 Map Filters NONE Filters NONE Steam 1 RUN: 85168648-0348-422f-b14f-070e16f410cf